Map: Acid Plant LE

Players

Toastey - Winner!

  • Race: Terran Terran
  • League: Silver
  • Spawn Location: 11:00

StormBG

  • Race: Terran Terran
  • League: Gold
  • Spawn Location: 5:00

VOD

Have the link to the VOD?

Description

Time

  • Played on: Aug. 11, 2018, 2:48 p.m.
  • Length: 14:35
Show
View Real Time Build Order
Export as new Build Order

Toastey Terran - Winner!

Build Orders: MMM Bio 

Get SALT Encoding   

  12  0:02  SCV  
  13  0:14  SCV  
  13  0:20  Supply Depot  
  14  0:26  SCV  
  15  0:41  SCV  
  16  0:44  Barracks  
  16  0:54  SCV  
  17  1:06  SCV  
  18  1:18  Refinery  
  18  1:21  SCV  
  19  1:32  Supply Depot  
  19  1:34  Marine  
  20  1:42  Orbital Command  
  20  2:00  Marine  
  21  2:18  Marine  
  21  2:22  Barracks  
  22  2:26  Barracks, SCV  
  23  2:36  Marine  
  24  2:38  SCV  
  25  2:50  SCV  
  26  3:02  SCV  
  27  3:07  Refinery, Engineering Bay  
  27  3:14  SCV  
  28  3:20  Marine x3  
  31  3:31  Supply Depot x2  
  31  3:34  Engineering Bay  
  31  3:36  SCV  
  31  3:38  Marine x2  
  34  3:48  SCV  
  35  4:00  SCV  
  36  4:04  Command Center  
  36  4:07  Marine x3  
  39  4:18  Barracks  
  39  4:22  Terran Infantry Weapons Level 1  
  39  4:24  Marine  
  39  4:25  Marine x2  
  35  4:42  Marine  
  35  4:43  Marine x2  
  38  4:47  Factory  
  38  4:48  SCV  
  39  5:00  Marine  
  39  5:01  Marine x2, SCV  
  43  5:07  Marine  
  43  5:13  SCV  
  45  5:14  Barracks  
  45  5:16  Terran Infantry Armor Level 1  
  45  5:18  Marine x3  
  48  5:25  Marine, SCV, Supply Depot  
  48  5:26  Supply Depot  
  50  5:35  Factory Tech Lab  
  50  5:36  Marine x2  
  50  5:37  SCV  
  54  5:44  Supply Depot  
  54  5:46  Barracks Tech Lab  
  54  5:49  SCV  
  54  5:50  Barracks Reactor  
  54  5:54  Marine x2  
  56  6:01  SCV  
  57  6:10  Orbital Command  
  57  6:12  Marine x2  
  57  6:13  SCV  
  60  6:28  Supply Depot  
  60  6:30  Marine x2  
  62  6:35  Armory  
  62  6:36  Marine x3  
  62  6:37  Marine  
  66  6:46  Stimpack  
  66  6:48  Marine x2  
  66  6:51  Supply Depot  
  46  6:55  Marine  
  46  6:56  Marine x3  
  47  7:06  Marine x2, Siege Tank  
  46  7:13  Marine  
  46  7:14  Marine x2, Supply Depot  
  39  7:35  SCV  
  39  7:38  Siege Tank  
  39  7:39  Supply Depot  
  39  7:43  SCV  
  43  7:47  SCV  
  43  7:50  Marine x2  
  43  7:51  Marine  
  47  7:55  SCV  
  47  7:57  Marine  
  47  7:58  Marine x2  
  51  8:00  SCV  
  52  8:08  Marine  
  52  8:12  SCV  
  54  8:17  Marine  
  54  8:18  Barracks Reactor  
  55  8:24  SCV  
  56  8:28  Marine x2  
  56  8:30  Barracks Reactor  
  56  8:31  SCV  
  56  8:32  Barracks Reactor  
  59  8:35  Marine  
  59  8:36  SCV  
  59  8:40  Terran Infantry Weapons Level 2  
  61  8:43  Terran Infantry Armor Level 2, SCV  
  61  8:45  Marine  
  61  8:46  Marine, Combat Shields  
  61  8:48  SCV  
  65  8:49  Supply Depot  
  65  8:53  Marine  
  66  8:55  SCV  
  66  9:02  Marine x2  
  67  9:03  Marine  
  67  9:04  Marine  
  67  9:07  SCV  
  59  9:11  Marine  
  60  9:20  Marine x2, SCV  
  60  9:21  Marine x2  
  65  9:28  Marine  
  66  9:40  Marine x2  
  66  9:41  Marine x4  
  72  9:46  Marine  
  73  9:58  Marine x5  
  73  9:59  Marine  
  79  10:04  Marine  
  78  10:16  Marine x6  
  74  10:22  Marine  
  75  10:33  Marine x2  
  75  10:34  Marine x4  
  81  10:36  Supply Depot  
  81  10:37  Supply Depot  
  81  10:40  Marine  
  82  10:45  Siege Tank  
  82  10:46  Barracks Reactor  
  85  10:51  Marine x2  
  85  10:52  Marine x4  
  91  10:58  Marine  
  91  11:01  Terran Infantry Weapons Level 3  
  92  11:07  Supply Depot  
  92  11:09  Marine x2  
  92  11:10  Marine x4  
  98  11:15  Marine, Supply Depot  
  98  11:17  Siege Tank  
  102  11:27  Marine x4  
  102  11:28  Marine x2  
  108  11:33  Marine  
  103  11:45  Marine x2  
  101  11:49  Siege Tank  
  101  11:52  Marine x2  
  101  11:53  Marine x5  
  111  12:02  Marine x2  
  113  12:10  Marine x3  
  113  12:11  Marine x4  
  120  12:20  Marine x2  
  122  12:28  Marine x4  
  122  12:29  Marine x3  
  129  12:33  Supply Depot  
  129  12:38  Marine x2  
  131  12:46  Marine x5  
  131  12:47  Marine x2  
  138  12:56  Marine x2  
  140  13:04  Marine x5  
  145  13:26  Marine x2  
  145  13:27  Marine x7  
  148  13:44  Marine x4  
  148  13:45  Marine x5  
  147  14:02  Marine x6  
  148  14:03  Marine x3  
  155  14:17  Command Center  
Show
View Real Time Build Order
Export as new Build Order

StormBG Terran 

Build Orders:  

Get SALT Encoding   

  12  0:03  SCV  
  13  0:18  SCV  
  13  0:21  Supply Depot  
  14  0:26  Refinery  
  14  0:30  SCV  
  16  0:42  SCV  
  16  0:48  Barracks  
  16  0:55  SCV  
  17  1:07  SCV  
  17  1:09  Supply Depot  
  18  1:19  SCV  
  19  1:46  Refinery  
  19  1:47  SCV  
  19  1:52  Barracks  
  20  1:55  Barracks Reactor  
  20  1:59  SCV  
  20  2:00  Refinery  
  20  2:11  SCV  
  20  2:12  Supply Depot  
  21  2:23  SCV  
  22  2:31  Reaper x2  
  22  2:36  Orbital Command  
  24  2:50  Barracks Tech Lab  
  24  2:59  Supply Depot  
  24  3:02  SCV  
  24  3:03  Reaper x2  
  27  3:11  Marauder  
  29  3:27  SCV  
  29  3:33  Marauder  
  32  3:35  Reaper  
  32  3:36  Reaper  
  34  3:54  Marauder  
  34  4:08  Reaper x2  
  36  4:15  Marine  
  37  4:18  Factory  
  37  4:33  Marine  
  35  4:40  Reaper x2  
  37  4:47  SCV  
  38  4:55  Command Center  
  38  4:59  SCV  
  39  5:07  Command Center  
  39  5:11  Marine  
  39  5:12  Marine, Widow Mine  
  43  5:23  Supply Depot  
  43  5:34  Widow Mine  
  45  5:37  Marine  
  45  5:38  Marine  
  47  5:44  Marine  
  47  5:45  Supply Depot  
  48  5:55  Marine x2  
  48  5:56  SCV  
  51  6:02  Marine  
  52  6:13  Marine x2  
  52  6:18  Widow Mine  
  56  6:20  Marine  
  57  6:26  Orbital Command  
  57  6:28  Orbital Command  
  57  6:30  SCV  
  58  6:34  Marine  
  58  6:35  Marine  
  60  6:42  SCV  
  61  6:52  Marine  
  52  6:54  SCV  
  51  7:06  SCV  
  51  7:07  Widow Mine  
  51  7:08  Marine  
  55  7:09  Marine  
  55  7:10  Marine  
  57  7:18  SCV  
  55  7:26  Marine  
  55  7:27  Marine  
  55  7:28  Widow Mine  
  59  7:37  Marine  
  59  7:43  Marine  
  61  7:44  Marine  
  61  7:45  SCV x3  
  65  7:53  Refinery  
  65  7:55  Marine, Refinery  
  65  7:56  Widow Mine  
  65  7:57  SCV x3  
  71  8:01  Marine  
  71  8:02  Marine  
  73  8:09  SCV x3  
  76  8:13  Marine  
  77  8:20  Marine, Starport  
  77  8:21  Marine  
  79  8:32  SCV x3  
  82  8:38  Marine, Widow Mine  
  85  8:41  Liberator  
  85  8:44  SCV x2  
  87  8:49  Marine x2  
  89  8:56  Marine  
  91  9:04  Supply Depot  
  91  9:07  Marine x2  
  89  9:21  Engineering Bay  
  89  9:25  Marine  
  89  9:26  Marine, Supply Depot  
  90  9:40  Barracks Reactor  
  90  9:41  Medivac  
  90  9:43  Marine, Factory Tech Lab  
  90  9:44  Marine  
  94  9:49  Supply Depot  
  94  9:54  SCV x3  
  97  10:00  Marine  
  97  10:06  SCV x3  
  101  10:11  Medivac  
  103  10:18  SCV x3  
  103  10:25  Starport  
  103  10:30  SCV x3  
  106  10:42  Starport Reactor, SCV x3  
  109  10:43  Marine x2  
  109  10:44  Marine x2, Factory  
  109  10:45  Barracks  
  113  10:51  Widow Mine  
  113  10:54  SCV  
  116  11:01  Marine  
  117  11:54  Barracks Reactor, Liberator  
  117  11:58  Factory Reactor  
  117  12:01  Supply Depot  
  117  12:03  Supply Depot  
  117  12:04  Supply Depot  
  117  12:07  Supply Depot  
  117  12:11  Marine x4  
  124  12:29  Marine x3  
  127  12:31  Engineering Bay  
  127  12:35  Armory, SCV x3  
  130  12:37  Armory  
  130  12:46  Refinery, Command Center  
  130  12:47  Marine, SCV x3  
  134  12:52  Refinery  
  134  12:59  SCV x3  
  134  13:01  Marine x5  
  134  13:03  Cyclone  
  134  13:04  Cyclone  
  134  13:05  Marine  
  146  13:11  SCV x3  
  149  13:18  Marine  
  149  13:19  Marine x4  
  87  14:01  Marine x3  
  87  14:02  Marine x3  
  87  14:17  Refinery  
Tags
 
Composition
MMM Bio
Matchup
TvT
Race
Terran
Spawn Locations
Cross Positions
Add a new tag
Caveats
  • Supply blocks, unpowered buildings, or Contaminate may cause inaccurate times.
  • Supply counts are checked every 10 seconds.